 Dungeon Crawl Stone Soup version 0.27.1-1-g398f81649c (webtiles) character file.

Game seed: 14674774300246697169

77 DuloT34 the Skirmisher (level 4, -5/41 HPs)
             Began as a Ghoul Monk on Sept 15, 2021.
             Was a Believer of Okawaru.
             Slain by Grinder (9 damage)
             ... on level 3 of the Dungeon.
             The game lasted 00:03:55 (2280 turns).

DuloT34 the Skirmisher (Ghoul Monk)                 Turns: 2280, Time: 00:03:55

Health: -5/41      AC:  4    Str: 14    XL:     4   Next: 33%
Magic:  3/3        EV: 12    Int:  5    God:    Okawaru [**....]
Gold:   135        SH:  0    Dex: 12    Spells: 3/3 levels left

rFire    . . .     SeeInvis .   h - +5 club
rCold    + . .     Faith    .   (no shield)
rNeg     + + +     Spirit   .   i - +0 leather armour
rPois    ∞         Reflect  .   c - +0 helmet
rElec    .         Harm     .   (no cloak)
rCorr    .         Rampage  .   (no gloves)
Will     .....                  (no boots)
Stlth    ++........             (no amulet)
HPRegen  0.00/turn              (no ring)
MPRegen  0.08/turn              (no ring)

@: flying, inhibited regen
A: claws 1, cold resistance 1, negative energy resistance 3, inhibited
regeneration, torment resistance 2
a: Renounce Religion, Heroism


You were on level 3 of the Dungeon.
You worshipped Okawaru.
Okawaru was pleased with you.
You visited 1 branch of the dungeon, and saw 3 of its levels.

You collected 135 gold pieces.

Inventory:

Hand Weapons
 h - a +5 club (weapon)
Missiles
 e - 6 boomerangs (quivered)
Armour
 c - a +0 helmet (worn)
 i - a +0 leather armour (worn)
Wands
 d - a wand of digging (3)
Potions
 a - a potion of invisibility {unknown}
 b - 2 potions of flight
 f - a potion of attraction {unknown}
 g - a potion of lignification


   Skills:
 + Level 4.4 Fighting
 * Level 0.6 Maces & Flails
 + Level 3.6 Dodging
 - Level 2.1 Stealth
 - Level 3.2 Unarmed Combat


You had 3 spell levels left.
You didn't know any spells.
Your spell library was empty.

Dungeon Overview and Level Annotations

Branches:
Dungeon (3/15)

Altars:
Okawaru
Qazlal

Annotations:
D:3 Grinder


Innate Abilities, Weirdness & Mutations

You thrive by killing the living.
You are immune to poison.
You have sharp fingernails.
Your flesh is cold resistant. (rC+)
You are immune to negative energy. (rN+++)
You do not regenerate when monsters are visible.
You are immune to unholy pain and torment.


Message History

Grinder is lightly wounded.
Grinder hits you but does no damage. Grinder gestures at you.
You suddenly lose the ability to move!
Grinder hits you.
You can move again.
You hit Grinder.
Grinder is moderately wounded.
Grinder hits you but does no damage.
You barely miss Grinder.
Grinder is moderately wounded.
Grinder barely misses you.
You hit Grinder.
Grinder is moderately wounded.
Grinder hits you!
You hit Grinder.
Grinder is moderately wounded.
Grinder gestures at you. You resist with significant effort. Grinder hits you.
You closely miss Grinder.
Grinder is moderately wounded.
Grinder closely misses you.
You hit Grinder.
Grinder is heavily wounded.
Grinder gestures at you.
You suddenly lose the ability to move!
Grinder hits you but does no damage. Grinder hits you. Grinder hits you. x2
Grinder hits you!
* * * LOW HITPOINT WARNING * * *
Grinder hits you.
* * * LOW HITPOINT WARNING * * *
You can move again.
You aren't carrying any scrolls.
You aren't carrying any scrolls.
It was a potion of flight.
You feel very buoyant.
You fly up into the air.
Grinder hits you!
You die...

...#.......####..
...................#. 5
........####.#.##... ..
<....#...#..#.#.... ..(
....###...#....#.. #..=
............(.#.. ##...
.............<...
......####.####.#......(.
#!...5@................
########.####......#...
#####.#(...#######..
#.......#.### #..
#..#.........# #.. ..
#.........# #..
#.........# #.#
#.........# #..
#.........# ##.


You could see Grinder.

Vanquished Creatures
  Jessica (D:2)
  An adder (D:2)
  2 worms (D:3)
  5 bats (D:1)
  4 endoplasms
  A giant cockroach (D:3)
  A goblin (D:1)
  4 hobgoblins
  4 jackals (D:1)
  4 ball pythons
  2 frilled lizards
  4 kobolds
  3 rats (D:1)
36 creatures vanquished.

Notes
Turn   | Place    | Note
-------+----------+-------------------------------------------
     0 | D:1      | DuloT34 the Ghoul Monk began the quest for the Orb.
     0 | D:1      | Reached XP level 1. HP: 19/19 MP: 0/0
   340 | D:1      | Reached XP level 2. HP: 26/26 MP: 1/1
   478 | D:1      | Found a faded altar of an unknown god.
   504 | D:1      | Became a worshipper of Warmaster Okawaru
   504 | D:1      | Reached * piety under Okawaru
   504 | D:1      | Reached ** piety under Okawaru
   959 | D:2      | Reached skill level 4 in Fighting
   959 | D:2      | Reached XP level 3. HP: 30/33 MP: 2/2
  1091 | D:2      | Found a stormy altar of Qazlal.
  1167 | D:2      | Noticed Jessica
  1179 | D:2      | Killed Jessica
  1180 | D:2      | Reached XP level 4. HP: 31/41 MP: 3/3
  2233 | D:3      | Noticed Grinder
  2239 | D:3      | Paralysed by Grinder for 6 turns
  2266 | D:3      | Paralysed by Grinder for 2 turns
  2273 | D:3      | Paralysed by Grinder for 7 turns
  2280 | D:3      | Slain by Grinder

Illustrated notes

Levels and vault maps discovered:
D:1:      moated_graveyard_arrival, layout_loops_corners,
          chequers_ecumenical_altar_island
D:2:      layout_basic, basic_altar, kennysheep_generic_room_4, uniq_jessica
D:3:      layout_rooms, uniq_grinder

Skill      XL: |  1  2 |
---------------+-------+-----
Dodging        | 3 |  3.6
Fighting       | 4 |  4.4
Maces & Flails | |  0.6
Stealth        | |  2.1
Unarmed Combat | |  3.2

Action                   |  1- 3 |  4- 6 || total
-------------------------+-------+-------++-------
Melee: Unarmed           |    67 |       ||    67
       Punch             |     2 |       ||     2
       Club              |       |    64 ||    64
  Use: Scroll            |     2 |       ||     2
       Potion            |       |     1 ||     1
 Stab: Sleeping          |     2 |       ||     2
Armor: Robe              |    10 |       ||    10
       Leather armour    |       |    18 ||    18
Dodge: Dodged            |    46 |    36 ||    82
